 Dungeon Crawl Stone Soup version 0.19.1-1-g22dce08 (webtiles) character file.

46123 nikopol the Cleaver (level 14, -17/90 HPs)
             Began as a Gargoyle Berserker on Jan 15, 2017.
             Was a High Priest of Trog.
             Demolished by an orc warrior
             ... wielding a +0 glaive
             ... led by an orc warlord
              (24 damage)
             ... on level 1 of the Orcish Mines.
             The game lasted 01:14:10 (18242 turns).

nikopol the Cleaver (Gargoyle Berserker)           Turns: 18242, Time: 01:14:11

Health: -17/90     AC: 33    Str: 26    XL:     14   Next: 36%
Magic:  14/14      EV: 15    Int: 10    God:    Trog [*****.]
Gold:   1266       SH:  0    Dex: 12    Spells: 0 memorised, 13 levels left

rFire  . . .     SeeInvis .     z - +2 longbow (flame)
rCold  . . .     Gourm    .     C - +1 plate armour of Tenacity {Str+5}
rNeg   + . .     Faith    .     (shield currently unavailable)
rPois  ∞         Spirit   .     I - +0 helmet (curse)
rElec  +         Reflect  .     t - +0 cloak
rCorr  .         Harm     .     H - +0 pair of gloves
MR     +....                    v - +2 pair of boots
Stlth  ..........               w - amulet of regeneration
                                (no ring)
                                y - +4 ring of evasion

@: studying Armour
A: big wings, negative energy resistance 1, electricity resistance, unbreathing,
petrification resistance, rot immunity, AC +9
a: Fly, Berserk, Trog's Hand, Brothers in Arms, Burn Spellbooks, Renounce
Religion


You were on level 1 of the Orcish Mines.
You worshipped Trog.
Trog was extremely pleased with you.
You were near starving.

You visited 3 branches of the dungeon, and saw 18 of its levels.

You collected 1266 gold pieces.

Inventory:

Hand Weapons
 a - a +3 battleaxe of chopping
 z - a +2 longbow of flaming (weapon)
 S - a +1 shortbow
 Z - a +1 hand axe of electrocution
Missiles
 p - 146 arrows (quivered)
Armour
 t - a +0 cloak (worn)
 v - a +2 pair of boots (worn)
 C - the +1 plate armour of Tenacity (worn) {Str+5}
   (You found it on level 6 of the Dungeon)

   It affects your strength (+5).
 E - a +0 scale mail of magic resistance
 H - a +0 pair of gloves (worn)
 I - a cursed +0 helmet (worn)
Jewellery
 w - an amulet of regeneration (around neck)
 y - a +4 ring of evasion (left hand)
 U - a cursed ring of see invisible {unknown}
Wands
 b - a wand of slowing (32/48)
 o - a wand of teleportation (3/9)
 x - a wand of slowing (27/48)
 O - a wand of flame (32/48)
 P - a wand of lightning (2/15)
Scrolls
 g - 3 scrolls of recharging
 j - 13 scrolls of remove curse
 l - 4 scrolls of enchant armour
 m - 4 scrolls of blinking
 n - 2 scrolls of identify
 u - a scroll of teleportation
 A - a scroll of random uselessness
 B - a scroll of acquirement {unknown}
 G - a scroll of enchant weapon
 L - a scroll of noise
 M - a scroll of magic mapping
 R - a scroll of silence {unknown}
 V - 3 scrolls of amnesia
 W - a scroll of fog {unknown}
 Y - a scroll of summoning
Potions
 d - 2 potions of magic
 e - a potion of flight
 f - 2 potions of invisibility
 h - 2 potions of might
 i - 4 potions of heal wounds
 r - 4 potions of agility
 s - 6 potions of curing
 F - 2 potions of resistance
 J - a potion of berserk rage
 K - 2 potions of cancellation
 N - a potion of haste
 T - a potion of cure mutation {unknown}
Books
 D - a book of Changes

   Spells                             Type                      Level
   a - Beastly Appendage              Transmutation                1
   b - Sticks to Snakes               Transmutation                2
   c - Spider Form                    Transmutation/Poison         3
   d - Ice Form                       Ice/Transmutation            4
   e - Blade Hands                    Transmutation                5
   Trog disapproves of the use of such an item.
 X - a manual of Armour
Comestibles
 c - 13 bread rations
 k - 5 fruits
 q - 6 beef jerkies
 Q - 7 meat rations


   Skills:
 + Level 11.1 Fighting
 * Level 12.5 Axes
 * Level 12.0 Bows
 + Level 11.1 Armour
 + Level 8.6 Dodging


You had 13 spell levels left.
You didn't know any spells.

Dungeon Overview and Level Annotations

Branches:
Dungeon (10/15)            Temple (0/1) D:4            Lair (6/6) D:9
 Shoals (0/4) Lair:4       Spider (0/4) Lair:4        Slime (0/5) Lair:6
    Orc (2/2) D:10            Elf (0/3) Orc:2

Altars:
Cheibriados
Dithmenos
Elyvilon
Fedhas
Kikubaaqudgha
Makhleb
Okawaru
Ru
Trog
Zin
Jiyva

Shops:
Orc:2 (**:[


Innate Abilities, Weirdness & Mutations

You are resistant to torment.
Your stone body is resilient. (AC +9)
You are immune to poison.
Your large and strong wings let you fly indefinitely.
You resist negative energy. (rN+)
You are resistant to electric shocks. (rElec)
You can survive without breathing.
You are immune to petrification.
You are immune to rotting.


Message History

The stone giant is moderately wounded.
The stone giant throws a large rock.
The large rock misses you.
A cyclops comes into view.
There are monsters nearby!
The cyclops shouts!
The stone giant throws a large rock.
The large rock barely misses you.
The stone giant throws a large rock.
The large rock hits you!!!
* * * LOW HITPOINT WARNING * * *
You see here a large rock.
There is a stone staircase leading up here.
You climb upwards.
The orc shouts! x3; The orc warrior shouts! x2; The warg howls!
The orc shouts!
The orc warrior shouts! x2; The ogre shouts!
The orc shouts!
The orc sorcerer shouts!
An orc warrior and an orc warlord come into view.
The orc warlord is wielding a battleaxe of chopping.
The orc sorcerer casts a spell.
The orc warlord roars a battlecry!
The orcs go into a battle-frenzy!
The orc warrior hits you with a glaive!!
You die...

### ##..##
#.....###
........#
...o....#
....4.o.#####
#..@.o.o#
#.oo.o.o.#
#....o..o.#
#..O.......
##....h...#
......o...
..o......#
......#.###


You could see an orc warlord, a hellwing, a warg, an orc sorcerer, 5 orc
warriors, an ogre and 5 orcs.

Vanquished Creatures
  The ghost of dngmouse the Warrior, a journeyman MiFi of Makhleb (Lair:6)
  A dire elephant (Lair:6)
  The ghost of Trampli the Brawler, a journeyman TrMo (Lair:5)
  3 ettins
  Snorg (Lair:5)
  3 hydras
  A catoblepas (Lair:6)
  A merfolk avatar (Lair:6)
  Erica (Lair:1)
  An unseen horror (D:10)
  An orc sorcerer (Orc:1)
  7 cyclopes
  2 manticores (Lair:6)
  3 elephants
  A torpor snail (Lair:5)
  6 black mambas
  The ghost of attempt the Chopper, a novice HOFi (D:5)
  14 spiny frogs
  9 rime drakes
  8 komodo dragons
  9 polar bears
  3 trolls
  A merfolk (D:9)
  2 wind drakes (Lair:6)
  Prince Ribbit (D:6)
  7 blink frogs
  4 dream sheep (Lair:5)
  8 hippogriffs
  9 wyverns
  Sigmund (D:4)
  16 yaks
  2 basilisks
  Eustachio (D:4)
  Duvessa (D:6)
  7 water moccasins
  4 porcupines
  3 black bears
  8 orc warriors
  An ice beast (D:9)
  3 phantoms
  3 sky beasts
  4 ogres
  6 wolves (Lair:6)
  4 centaurs
  11 crocodiles
  9 bullfrogs
  Dowan (D:6)
  A water moccasin skeleton (D:9)
  2 scorpions
  24 killer bees
  2 howler monkeys
  A wight (D:10)
  7 electric eels
  A crimson imp (D:8)
  A centaur zombie (D:4)
  A human zombie (D:4)
  2 centaur skeletons
  5 hounds
  2 jellies
  9 orc priests
  11 orc wizards
  5 bullfrog skeletons
  3 iguanas
  Natasha (thrice) (D:4)
  5 worker ants
  3 hound zombies (D:4)
  A hound skeleton (D:4)
  4 worker ant zombies
  17 adders
  3 shadow imps
  3 adder skeletons
  2 worms
  A dart slug (D:2)
  4 leopard geckos
  35 orcs
  3 giant cockroaches
  6 goblins
  12 hobgoblins
  6 jackals
  6 kobolds
  4 quokkas
  A ball python zombie (D:4)
  3 bats
  5 frilled lizards
  A giant cockroach zombie (D:4)
  A jackal skeleton (D:4)
  A jackal zombie (D:4)
  A leopard gecko zombie (D:4)
  A quokka skeleton (D:4)
  8 rats
  3 fungi
  8 plants
423 creatures vanquished.

Vanquished Creatures (collateral kills)
  An orc warrior (Orc:1)
  An orc priest (Orc:1)
  An orc wizard (Orc:1)
  2 orcs (Orc:1)
5 creatures vanquished.

Vanquished Creatures (others)
  3 fungi
  14 plants
  2 withered plants (D:4)
19 creatures vanquished.

Grand Total: 447 creatures vanquished

Notes
Turn   | Place    | Note
-------+----------+-------------------------------------------
     0 | D:1      | nikopol the Gargoyle Berserker began the quest for the Orb.
     0 | D:1      | Reached XP level 1. HP: 14/14 MP: 1/1
   171 | D:1      | Reached XP level 2. HP: 17/19 MP: 2/2
   912 | D:2      | Reached XP level 3. HP: 22/23 MP: 3/3
  1209 | D:2      | Reached ** piety under Trog
  1209 | D:2      | Reached XP level 4. HP: 23/29 MP: 4/4
  1579 | D:2      | Found an iron altar of Okawaru.
  1802 | D:3      | Found a bloodstained altar of Trog.
  1879 | D:3      | Reached XP level 5. HP: 33/33 MP: 5/5
  2527 | D:4      | Noticed Natasha
  2541 | D:4      | Killed Natasha
  2646 | D:4      | Noticed Natasha
  2663 | D:4      | Killed Natasha
  2886 | D:4      | Found a bloodstained altar of Trog.
  2910 | D:4      | Reached XP level 6. HP: 34/39 MP: 6/6
  3046 | D:4      | Noticed Natasha
  3056 | D:4      | Killed Natasha
  3056 | D:4      | Reached *** piety under Trog
  3108 | D:4      | Found a staircase to the Ecumenical Temple.
  3171 | D:4      | Reached XP level 7. HP: 36/44 MP: 7/7
  3498 | D:4      | Found a white marble altar of Elyvilon.
  3542 | D:4      | Reached skill level 5 in Fighting
  3714 | D:4      | Noticed Sigmund
  3717 | D:4      | Noticed Eustachio
  3729 | D:4      | Killed Sigmund
  3729 | D:4      | Reached skill level 5 in Axes
  3785 | D:4      | Killed Eustachio
  3785 | D:4      | Reached XP level 8. HP: 42/50 MP: 8/8
  3924 | D:4      | Reached skill level 5 in Armour
  3985 | D:5      | Entered Level 5 of the Dungeon
  4069 | D:5      | Found a glowing silver altar of Zin.
  4314 | D:5      | Reached **** piety under Trog
  4537 | D:5      | Reached XP level 9. HP: 56/56 MP: 9/9
  4635 | D:5      | Noticed attempt's ghost (novice HOFi)
  4644 | D:5      | Killed attempt's ghost
  4904 | D:6      | Noticed Duvessa
  4907 | D:6      | Noticed Dowan
  4921 | D:6      | Killed Duvessa
  4939 | D:6      | Reached skill level 1 in Bows
  4953 | D:6      | Killed Dowan
  4953 | D:6      | Reached skill level 5 in Dodging
  5007 | D:6      | Noticed Prince Ribbit
  5017 | D:6      | Killed Prince Ribbit
  5098 | D:6      | Received a gift from Trog
  5146 | D:6      | Got a crude plate armour
  5335 | D:6      | Found a sacrificial altar of Ru.
  5630 | D:6      | Found a snail-covered altar of Cheibriados.
  6652 | D:8      | Reached XP level 10. HP: 63/63 MP: 10/10
  6979 | D:8      | Found an ancient bone altar of Kikubaaqudgha.
  6981 | D:8      | Found a blossoming altar of Fedhas.
  7624 | D:9      | Identified the +1 plate armour of Tenacity {Str+5} (You found it on level 6 of the Dungeon)
  7646 | D:9      | Found a burning altar of Makhleb.
  7696 | D:9      | Found a shadowy altar of Dithmenos.
  7903 | D:9      | Reached ***** piety under Trog
  8042 | D:9      | Reached skill level 5 in Bows
  8453 | D:9      | Found a staircase to the Lair.
  8559 | D:10     | Entered Level 10 of the Dungeon
  8559 | D:10     | Found a staircase to the Orcish Mines.
  9169 | D:10     | Reached XP level 11. HP: 68/68 MP: 11/11
  9228 | D:10     | Killed an unseen horror
  9912 | Lair:1   | Entered Level 1 of the Lair of Beasts
 10085 | Lair:1   | You fall through a shaft!
 10390 | Lair:1   | Noticed a five-headed hydra
 10914 | Lair:1   | Noticed Erica
 10951 | Lair:1   | Killed Erica
 10970 | Lair:1   | Noticed a five-headed hydra
 10992 | Lair:1   | Killed a 14-headed hydra
 10992 | Lair:1   | Reached skill level 10 in Axes
 11460 | Lair:1   | Killed an 18-headed hydra
 11601 | Lair:2   | Received a gift from Trog
 11601 | Lair:2   | Reached XP level 12. HP: 76/76 MP: 12/12
 12766 | Lair:3   | Received a gift from Trog
 13036 | Lair:4   | Found a hole to the Spider Nest.
 13285 | Lair:4   | Found a staircase to the Shoals.
 14233 | Lair:5   | Noticed Trampli's ghost (journeyman TrMo)
 14247 | Lair:5   | Killed Trampli's ghost
 14289 | Lair:5   | Noticed a four-headed hydra
 14300 | Lair:5   | Killed a four-headed hydra
 14435 | Lair:5   | Noticed Snorg
 14458 | Lair:5   | Killed Snorg
 14800 | Lair:5   | Reached skill level 10 in Bows
 14849 | Lair:5   | Reached skill level 10 in Fighting
 14849 | Lair:5   | Reached XP level 13. HP: 82/82 MP: 13/13
 14866 | Lair:5   | Received a gift from Trog
 14994 | Lair:6   | Entered Level 6 of the Lair of Beasts
 15142 | Lair:6   | Noticed dngmouse's ghost (journeyman MiFi)
 15529 | Lair:6   | Reached skill level 10 in Armour
 15610 | Lair:6   | Noticed a dire elephant
 15622 | Lair:6   | Killed a dire elephant
 15789 | Lair:6   | Found a viscous altar of Jiyva.
 15789 | Lair:6   | Found a staircase to the Slime Pits.
 16396 | Lair:6   | Killed dngmouse's ghost
 16860 | Lair:6   | Received a gift from Trog
 16942 | Lair:6   | Gained mutation: Your large and strong wings let you fly indefinitely. [Gargoyle growth]
 16942 | Lair:6   | Reached XP level 14. HP: 88/88 MP: 14/14
 17627 | Orc:1    | Entered Level 1 of the Orcish Mines
 17962 | Orc:2    | Entered Level 2 of the Orcish Mines
 18020 | Orc:1    | Received a gift from Trog
 18161 | Orc:2    | Found a burning altar of Makhleb.
 18174 | Orc:2    | Found Paafol's Antique Weapon Shoppe.
 18200 | Orc:2    | Found Buor's Book Shop.
 18222 | Orc:2    | Found Naopp's General Store.
 18223 | Orc:2    | Found Naamury's General Store.
 18229 | Orc:2    | Found Enu Cuqa's Antique Armour Shop.
 18230 | Orc:2    | Noticed a stone giant
 18236 | Orc:2    | HP: 3/90 [stone giant/large rock (39)]
 18242 | Orc:1    | Noticed an orc warlord
 18242 | Orc:1    | Demolished by an orc warrior

Skill      XL: |  1  2  3  4  5  6  7  8  9 10 11 12 13 14 |
---------------+-------------------------------------------+-----
Axes           | 3 4 5 6 8 9 10 11 12 | 12.5
Dodging        | 2 3 4 5 6 7 8 |  8.6
Armour         | 3 4 5 6 7 8 9 10 11 | 11.1
Fighting       | 4 5 6 7 8 9 10 11 | 11.1
Bows           | 3 6 8 10 11 12 | 12.0

Action                   |  1- 3 |  4- 6 |  7- 9 | 10-12 | 13-15 || total
-------------------------+-------+-------+-------+-------+-------++-------
Melee: Hand axe          |   110 |   271 |   238 |   442 |   401 ||  1462
       War axe           |       |       |   230 |    42 |       ||   272
       Battleaxe         |       |       |       |       |    11 ||    11
 Fire: Shortbow          |       |       |    38 |   493 |       ||   531
       Longbow           |       |       |       |       |   240 ||   240
Invok: Burn Spellbooks   |     1 |     1 |     1 |     3 |     1 ||     7
       Berserk           |       |       |     4 |     4 |     6 ||    14
       Trog's Hand       |       |       |       |       |     1 ||     1
       Brothers in Arms  |       |       |       |       |     1 ||     1
  Use: Scroll            |       |       |    16 |     9 |     4 ||    29
  Eat: Chunk             |     1 |     7 |    11 |    24 |    13 ||    56
       Bread ration      |       |       |     1 |       |       ||     1
       Pizza             |       |       |       |     1 |     1 ||     2
       Royal jelly       |       |       |       |     2 |       ||     2
       Beef jerky        |       |       |       |       |     1 ||     1
Armor: Animal skin       |    12 |       |       |       |       ||    12
       Chain mail        |    56 |   228 |   340 |    48 |       ||   672
       Plate armour      |       |       |       |   369 |   195 ||   564
Dodge: Dodged            |    63 |   132 |   254 |   488 |   222 ||  1159
